 Dungeon Crawl Stone Soup version 0.28-a0-1190-g77e1c55843 (webtiles) character file.

Game seed: 13199894096039728995

66142 ldgsn the Unseen (level 14, -1/72 HPs)
             Began as a Spriggan Enchanter on Dec 18, 2021.
             Was a High Priest of Dithmenos.
             Slain by a death yak (23 damage)
             ... on level 5 of the Lair of Beasts.
             The game lasted 01:19:40 (25407 turns).

ldgsn the Unseen (Spriggan Enchanter)              Turns: 25407, Time: 01:19:41

Health: -1/72      AC: 13    Str: 14    XL:     14   Next: 78%
Magic:  6/33       EV: 25    Int: 21    God:    Dithmenos [*****.]
Gold:   1675       SH:  0    Dex: 16    Spells: 19/42 levels left

rFire   + . .      SeeInvis +   T - +4 quick blade of the Ageing Big Fish {pain, Int+4}
rCold   . . .      Faith    .   (shield restricted)
rNeg    . . .      Spirit   .   x - +3 steam dragon scales
rPois   +          Reflect  .   (helmet restricted)
rElec   .          Harm     .   n - +0 cloak
rCorr   .          Rampage  .   (gloves unavailable)
Will    ++...                   (boots unavailable) Stlth **++++++++
                                w - amulet of regeneration
HPRegen 1.02/turn               v - +4 ring of protection
MPRegen 0.23/turn               H - +6 ring of strength

@: wreathed by umbra, very quick
A: very small, no large weapons, unfitting armour, see invisible, speed 3,
deterioration 1, fire resistance 1, poison resistance, screaming 1
a: Renounce Religion, Shadow Step, Shadow Form


You were on level 5 of the Lair of Beasts.
You worshipped Dithmenos.
Dithmenos was extremely pleased with you.
You visited 3 branches of the dungeon, and saw 21 of its levels.
You also visited: Ice Cave.

You collected 1865 gold pieces.
You spent 190 gold pieces at shops.

Inventory:

Hand Weapons
 m - a +2 dagger of electrocution
 o - a +2 dagger of holy wrath
 B - a +2 rapier of protection
 L - the +1 rapier "Komiace" {spect, rPois Int+2 SInv}
   (You found it on level 11 of the Dungeon)

   When its wielder attacks, the weapon's spirit leaps out and strikes again.
   The spirit shares a part of any damage it takes with its wielder.
   Int:       It affects your intelligence (+2).
   rPois:     It protects you from poison.
   SInv:      It lets you see invisible.
 T - the +4 quick blade of the Ageing Big Fish (weapon) {pain, Int+4}
   (You acquired it on level 4 of the Lair of Beasts)

   In the hands of one skilled in necromantic magic, it inflicts extra damage on
   living creatures.
   Int:       It affects your intelligence (+4).
 W - a +7 quick blade
Missiles
 f - 6 curare-tipped darts
 k - a throwing net
 p - 69 poisoned darts (quivered)
Armour
 n - a +0 cloak (worn)
 x - +3 steam dragon scales (worn)
Jewellery
 g - a +6 ring of dexterity
 r - a ring of poison resistance
 v - a +4 ring of protection (left hand)
 w - an amulet of regeneration (around neck)
 y - a +6 ring of intelligence
 H - a +6 ring of strength (right hand)
 I - a ring of resist corrosion
 J - a ring of wizardry
Wands
 b - a wand of paralysis (3)
 j - a wand of digging (4)
 D - a wand of polymorph (23)
 M - a wand of flame (37)
 O - a wand of mindburst (8)
 V - a wand of iceblast (5)
Scrolls
 c - 13 scrolls of teleportation
 C - 12 scrolls of identify
 F - 2 scrolls of magic mapping
 K - 2 scrolls of amnesia
 Q - 2 scrolls of fear
Potions
 a - 4 potions of ambrosia
 d - 4 potions of flight
 e - a potion of attraction
 h - 4 potions of resistance
 i - 2 potions of lignification
 l - a potion of invisibility
 s - 3 potions of cancellation
 z - a potion of haste
 A - 7 potions of brilliance
 E - 6 potions of curing
 N - a potion of berserk rage
 R - 2 potions of heal wounds
 S - 2 potions of might
Miscellaneous
 P - a phial of floods (inert)
 U - a box of beasts


   Skills:
 - Level 7.8 Fighting
 - Level 10.3 Short Blades
 - Level 12.3 Dodging
 - Level 18.1 Stealth
 - Level 14.6 Spellcasting
 - Level 15.0 Hexes
 + Level 4.7 Necromancy


You had 19 spell levels left.
You knew the following spells:

 Your Spells              Type           Power      Damage    Failure   Level
a - Ensorcelled Hibernat  Hex/Ice        92%        N/A       1%          2
b - Tukima's Dance        Hex            68%        N/A       1%          3
c - Dazzling Flash        Conj/Hex       92%        N/A       1%          3
d - Summon Guardian Gole  Hex/Summ       46%        N/A       1%          3
e - Yara's Violent Unrav  Hex/Tmut       23%        3d10      5%          5
f - Blink                 Tloc           30%        N/A       6%          2
g - Summon Mana Viper     Hex/Summ       46%        N/A       5%          5

Your spell library contained the following spells:

 Spells                   Type           Power      Damage    Failure   Level
 Slow                     Hex            100%       N/A       0%          1
 Confusing Touch          Hex            68%        N/A       1%          3
 Inner Flame              Hex/Fire       46%        N/A       1%          3
 Fulminant Prism          Conj/Hex       23%        3d13      1%          4
 Leda's Liquefaction      Hex/Erth       23%        N/A       1%          4
 Corpse Rot               Necr/Air       50%        N/A       2%          2
 Foxfire                  Conj/Fire      60%        2x1d7     4%          1
 Freeze                   Ice            60%        1d8       4%          1
 Magic Dart               Conj           60%        1d6       4%          1
 Call Imp                 Summ           15%        N/A       6%          2
 Poisonous Vapours        Pois/Air       30%        N/A       6%          2
 Conjure Flame            Conj/Fire      15%        6-21      12%         3
 Frozen Ramparts          Ice            30%        1d5       12%         3
 Lesser Beckoning         Tloc           15%        N/A       12%         3
 Mephitic Cloud           Conj/Pois/Air  15%        N/A       12%         3
 Spider Form              Tmut/Pois      15%        N/A       12%         3
 Flame Wave               Conj/Fire      15%        2d5       38%         4
 Hailstorm                Conj/Ice       15%        3d5       38%         4
 Ice Form                 Ice/Tmut       15%        N/A       38%         4
 Iskenderun's Mystic Bla  Conj/Tloc      15%        2d5       38%         4
 Summon Ice Beast         Ice/Summ       15%        N/A       38%         4
 Freezing Cloud           Conj/Ice/Air   7%         6-21      75%         5
 Lee's Rapid Deconstruct  Erth           7%         3d8*      75%         5
 Manifold Assault         Tloc           15%        N/A       75%         5
 Simulacrum               Ice/Necr       12%        N/A       93%         6
 Statue Form              Tmut/Erth      10%        N/A       99%         6
 Monstrous Menagerie      Summ           7%         N/A       100%        7
 Orb of Destruction       Conj           7%         9d3       100%        7
 Spellforged Servitor     Conj/Summ      7%         N/A       100%        7
 Storm Form               Tmut/Air       7%         N/A       100%        7
 Polar Vortex             Ice            7%         N/A       100%        9


Dungeon Overview and Level Annotations

Branches:
Dungeon (15/15)            Temple (1/1) D:7            Lair (5/6) D:8
  Swamp (0/4) Lair:2        Snake (0/4) Lair:4          Orc (0/2) D:9
 Vaults (0/5) D:14          IceCv (visited)
  Slime: Lair:5-6    Depths: D:15

Altars:
Ashenzari
Cheibriados
Dithmenos
Fedhas
Hepliaklqana
Nemelex Xobeh
Qazlal
Trog
Uskayaw
The Shining One

Shops:
D:6 *   D:9 =   D:14 =

Annotations:
Lair:4 3 runed translucent doors, Jannitor's ghost, adept DsCK


Innate Abilities, Weirdness & Mutations

You are very small and have problems with some larger weapons.
You are too small for most types of armour.
You have supernaturally acute eyesight. (SInv)
You cover ground extremely quickly. (Speed+++)
Your body sometimes deteriorates upon taking damage.
Your flesh is heat resistant. (rF+)
Your system is resistant to poisons. (rPois)
You occasionally shout uncontrollably at your foes.


Message History

The death yak is severely wounded.
Your shadow hits the death yak but does no damage.
You hit the death yak but do no damage.
The death yak writhes in agony.
The death yak is severely wounded.
The death yak gores you!
You puncture the death yak!
The death yak writhes in agony.
The death yak is severely wounded.
The death yak gores you!
The death yak gores the plant.
You catch the helpless death yak completely off-guard!
You perforate the death yak like a sieve!!!
You kill the death yak!
Dithmenos accepts your kill.
Casting: Dazzling Flash (safe; 1% risk of failure)
Confirm with . or Enter, or press ? or * to list all spells.
Casting: Dazzling Flash (safe; 1% risk of failure)
Press: ? - help, Dir - look around, f - activate The death yak is dazzled.
The death yak gores the plant!!
Casting: Dazzling Flash (safe; 1% risk of failure)
Confirm with . or Enter, or press ? or * to list all spells.
Casting: Dazzling Flash (safe; 1% risk of failure)
Press: ? - help, Dir - look around, f - activate The death yak closely misses you.
The death yak gores you!
Unknown command.
Unknown command.
Unknown command.
The death yak gores the plant.
The death yak barely misses you.
A nearby plant withers and dies. x2
Found a stone staircase leading down.
Casting: Dazzling Flash (safe; 1% risk of failure)
Confirm with . or Enter, or press ? or * to list all spells.
Casting: Dazzling Flash (safe; 1% risk of failure)
Press: ? - help, Dir - look around, f - activate The death yak is dazzled.
The death yak gores you!
* * * LOW HITPOINT WARNING * * *
Casting: Dazzling Flash (safe; 1% risk of failure)
Confirm with . or Enter, or press ? or * to list all spells.
Casting: Dazzling Flash (safe; 1% risk of failure)
Press: ? - help, Dir - look around, f - activate The death yak is dazzled.
The death yak gores you!!
You die...

#....#......)###.P
##..##^...P.)#.#..#
#..P#....#..P....P#
##........#.......#
#P##..#............
########..#.#...... #
#.#.#.#...#.....
##..####..#.....##...#.
#.>...@YY....^..###...#
#.#...###Y9.#.....#..P#
#.# ###.P..#.##P..# #
#...†..#.....#
#.........#.P#
#P..#.P#.....##
###.####..#..#. ###
##.Y†... #..#.#.


You could see 3 death yaks and a friendly guardian golem (summoned).

Vanquished Creatures
  Snorg (D:13)
  4 hydras
  5 boulder beetles
  Fannar (D:10)
  8 two-headed ogres
  7 centaur warriors
  Erica (D:9)
  6 death yaks
  Sonja (D:12)
  8 skeletal warriors
  A wizard (D:14)
  A phantasmal warrior (D:14)
  Pikel (D:4)
  2 deep elf pyromancers
  3 ugly things
  2 manticores
  3 cyclopes
  Maurice (D:9)
  4 black mambas
  7 cane toads
  Maggie (D:9)
  3 unseen horrors
  3 gargoyles
  An efreet (D:14)
  11 rime drakes
  A freezing wraith (D:14)
  5 komodo dragons
  A polar bear (Lair:3)
  6 trolls
  3 hornets
  7 blink frogs
  3 dream sheep (Lair:2)
  3 wraiths
  Sigmund (D:2)
  3 shadows
  26 yaks
  10 wyverns
  11 basilisks
  A death yak simulacrum (IceCv)
  13 steam dragons
  16 vampire mosquitoes
  3 acid dragons
  3 nagas (Lair:4)
  8 water moccasins
  2 black bears
  2 hornet zombies
  4 orc warriors
  2 ogres
  A necrophage (D:5)
  11 wolves
  2 lemures (D:5)
  7 centaurs
  2 kobold brigands
  15 bullfrogs
  2 wyvern zombies
  2 scorpions
  Dowan (D:5)
  2 elephant simulacra (IceCv)
  6 killer bees (D:8)
  8 howler monkeys
  12 electric eels
  3 centaur zombies
  5 orc priests
  Crazy Yiuf (D:3)
  A gnoll shaman (D:10)
  7 hounds
  A bullfrog skeleton (D:6)
  2 centaur skeletons
  3 iguanas
  8 orc wizards
  8 hell rats (Lair:4)
  A polar bear simulacrum (IceCv)
  A hound skeleton (D:5)
  A howler monkey zombie (D:9)
  7 gnolls
  10 adders
  13 white imps
  2 worms (D:2)
  A dart slug (D:1)
  30 orcs
  8 endoplasms
  2 giant cockroaches
  6 goblins
  5 hobgoblins
  A quokka (D:1)
  3 ball pythons
  3 bats
  4 frilled lizards
  11 kobolds
  5 rats
  A butterfly (Lair:4)
445 creatures vanquished.

Vanquished Creatures (collateral kills)
  A death knight (D:14)
  A two-headed ogre (D:9)
  A black mamba (Lair:2)
  An efreet (D:13)
  3 dream sheep (Lair:2)
  3 orc warriors (D:9)
  3 wights (D:6)
  Jessica (D:3)
  A gnoll (D:3)
  7 orcs
  A goblin (D:4)
23 creatures vanquished.

Vanquished Creatures (others)
  A rime drake (Lair:3)
  2 steam dragons (Lair:3)
  8 dancing weapons
  Duvessa (D:5)
  17 fungi
  26 plants
55 creatures vanquished.

Grand Total: 523 creatures vanquished

Notes
Turn   | Place    | Note
-------+----------+-------------------------------------------
     0 | D:1      | ldgsn the Spriggan Enchanter began the quest for the Orb.
     0 | D:1      | Reached XP level 1. HP: 9/9 MP: 5/5
   726 | D:1      | Reached XP level 2. HP: 11/13 MP: 7/7
   729 | D:1      | Learned a level 2 spell: Ensorcelled Hibernation
  1465 | D:1      | Found a faded altar of an unknown god.
  1596 | D:2      | Noticed Sigmund
  1622 | D:2      | Killed Sigmund
  1623 | D:2      | Reached skill level 5 in Spellcasting
  1623 | D:2      | Reached skill level 5 in Hexes
  1623 | D:2      | Reached XP level 3. HP: 12/16 MP: 6/10
  1623 | D:2      | Reached XP level 4. HP: 16/21 MP: 7/12
  1623 | D:2      | Reached XP level 5. HP: 18/24 MP: 7/13
  1719 | D:2      | Learned a level 3 spell: Tukima's Dance
  1723 | D:2      | Learned a level 3 spell: Dazzling Flash
  2632 | D:2      | Reached skill level 5 in Stealth
  2891 | D:2      | Reached XP level 6. HP: 15/28 MP: 7/15
  3087 | D:3      | Noticed Jessica
  3104 | D:3      | Killed Jessica
  3600 | D:3      | Found a runed translucent door.
  3601 | D:3      | Noticed Crazy Yiuf
  3607 | D:3      | Killed Crazy Yiuf
  3975 | D:4      | Reached skill level 6 in Stealth
  4188 | D:4      | Reached XP level 7. HP: 26/32 MP: 8/17
  4517 | D:4      | Found a hide-covered altar of Uskayaw.
  4519 | D:4      | Found a bloodstained altar of Trog.
  5504 | D:5      | Entered Level 5 of the Dungeon
  5509 | D:5      | Noticed Duvessa
  5513 | D:5      | Noticed Dowan
  5525 | D:5      | Killed Duvessa
  5526 | D:5      | Reached skill level 7 in Stealth
  5526 | D:5      | Killed Dowan
  5799 | D:5      | Noticed Pikel
  6005 | D:4      | Killed Pikel
  6006 | D:4      | Reached skill level 9 in Stealth
  6006 | D:4      | Reached XP level 8. HP: 36/36 MP: 16/20
  6378 | D:5      | Reached skill level 10 in Stealth
  6386 | D:5      | Reached XP level 9. HP: 27/39 MP: 7/23
  7256 | D:6      | Found Taakupneo's Specific Store.
  7260 | D:6      | Found Enkueff's General Store.
  7264 | D:6      | Bought a scroll of identify for 30 gold pieces
  7272 | D:6      | Bought 2 scrolls of identify for 48 gold pieces
  8159 | D:6      | Reached skill level 11 in Stealth
  8439 | D:6      | HP: 1/39 [wight (5)]
  9037 | D:6      | Reached skill level 10 in Hexes
  9298 | D:7      | Reached skill level 10 in Spellcasting
  9591 | D:7      | Reached skill level 12 in Stealth
  9893 | D:7      | Found a staircase to the Ecumenical Temple.
  9902 | Temple   | Entered the Ecumenical Temple
 10051 | Temple   | Became a worshipper of Dithmenos the Shadowed
 10568 | D:8      | Noticed a troll
 10591 | D:8      | Killed a troll
 10592 | D:8      | Reached skill level 1 in Fighting
 10597 | D:8      | Reached XP level 10. HP: 33/45 MP: 21/25
 10897 | D:8      | Found a staircase to the Lair.
 11259 | D:8      | Identified a scroll of acquirement
 11259 | D:8      | Acquired a +2 rapier of protection
 11539 | D:8      | Reached * piety under Dithmenos
 12269 | D:9      | Noticed Maurice
 12270 | D:9      | Noticed a two-headed ogre
 12284 | D:9      | Killed a two-headed ogre
 12285 | D:9      | Reached skill level 5 in Dodging
 12285 | D:9      | Reached skill level 13 in Stealth
 12294 | D:9      | Killed Maurice
 12560 | D:9      | Found Noidaeb's Jewellery Boutique.
 13070 | D:9      | Found a staircase to the Orcish Mines.
 13122 | D:9      | Noticed Erica
 13136 | D:9      | Killed Erica
 13137 | D:9      | Reached XP level 11. HP: 29/52 MP: 8/27
 13396 | D:9      | Noticed a deep elf pyromancer
 13403 | D:9      | Killed a deep elf pyromancer
 13460 | D:9      | Reached ** piety under Dithmenos
 13463 | D:9      | Reached skill level 5 in Short Blades
 13463 | D:9      | Reached skill level 14 in Stealth
 13566 | D:10     | Entered Level 10 of the Dungeon
 13909 | D:10     | Noticed Fannar
 13926 | D:10     | Killed Fannar
 14246 | D:9      | Noticed Maggie
 14250 | D:9      | Killed Maggie
 14467 | D:10     | Noticed a two-headed ogre
 14482 | D:10     | Killed a two-headed ogre
 14673 | D:10     | You fall into a shaft and drop 3 floors!
 14676 | D:13     | Noticed a centaur warrior
 14683 | D:13     | Killed a centaur warrior
 14747 | D:12     | Noticed a skeletal warrior
 14758 | D:12     | Noticed a two-headed ogre
 14765 | D:12     | Killed a two-headed ogre
 15052 | D:11     | Noticed a boulder beetle
 15054 | D:11     | Killed a boulder beetle
 15055 | D:11     | Reached XP level 12. HP: 58/58 MP: 29/29
 15074 | D:11     | Reached skill level 15 in Stealth
 15184 | D:11     | Reached *** piety under Dithmenos
 15376 | D:11     | Found a frozen archway.
 15396 | IceCv    | Entered an ice cave
 15398 | IceCv    | Found a transporter.
 15406 | IceCv    | Reached skill level 5 in Fighting
 15485 | IceCv    | Found a transporter.
 15578 | D:11     | Identified the +1 rapier "Komiace" {spect, rPois Int+2
                  | SInv}
 16225 | D:12     | Noticed a boulder beetle
 16235 | D:12     | Killed a boulder beetle
 16499 | D:6      | Bought a scroll of holy word for 112 gold pieces
 17065 | D:12     | Found a sparkling altar of Nemelex Xobeh.
 17149 | D:12     | Noticed a boulder beetle
 17152 | D:12     | Killed a boulder beetle
 17173 | D:12     | Noticed a two-headed ogre
 17180 | D:12     | Killed a two-headed ogre
 17209 | D:12     | Noticed Sonja
 17218 | D:12     | Killed Sonja
 17324 | D:12     | Reached skill level 16 in Stealth
 17595 | D:13     | Reached XP level 13. HP: 48/65 MP: 31/31
 17757 | D:13     | Noticed Snorg
 17941 | D:13     | Reached skill level 10 in Dodging
 18220 | D:13     | Killed Snorg
 18642 | D:14     | Found Sybirann's Jewellery Boutique.
 18774 | D:14     | Reached **** piety under Dithmenos
 18924 | D:15     | Entered Level 15 of the Dungeon
 18965 | D:14     | HP: 3/66 [centaur warrior (11)]
 18970 | D:14     | Reached skill level 17 in Stealth
 19080 | D:14     | Found a glowing golden altar of the Shining One.
 19134 | D:14     | Found a gate to the Vaults.
 19791 | Lair:1   | Entered Level 1 of the Lair of Beasts
 19950 | Lair:1   | Reached XP level 14. HP: 72/72 MP: 33/33
 19988 | Lair:1   | You fall into a shaft and drop 1 floor!
 20077 | Lair:1   | Acquired 433 gold pieces
 20097 | Lair:1   | Learned a level 3 spell: Summon Guardian Golem
 20103 | Lair:1   | Learned a level 5 spell: Yara's Violent Unravelling
 20106 | Lair:1   | Learned a level 2 spell: Blink
 20112 | Lair:1   | Learned a level 5 spell: Summon Mana Viper
 20926 | Lair:2   | Reached ***** piety under Dithmenos
 21347 | Lair:2   | Found a staircase to the Swamp.
 22374 | Lair:3   | Reached skill level 10 in Short Blades
 22955 | Lair:3   | Gained mutation: Your body sometimes deteriorates upon
                  | taking damage. [potion of mutation]
 22955 | Lair:3   | Gained mutation: Your system is resistant to poisons.
                  | (rPois) [potion of mutation]
 22955 | Lair:3   | Gained mutation: You occasionally shout uncontrollably at
                  | your foes. [potion of mutation]
 22955 | Lair:3   | Gained mutation: Your flesh is heat resistant. (rF+)
                  | [potion of mutation]
 23078 | Lair:4   | Found a runed translucent gate.
 23078 | Lair:4   | Found a runed translucent gate.
 23078 | Lair:4   | Found a runed translucent gate.
 23083 | Lair:4   | Found a staircase to the Snake Pit.
 23085 | Lair:4   | Noticed Jannitor's ghost (adept DsCK)
 23411 | Lair:4   | Reached skill level 18 in Stealth
 24211 | Lair:4   | Reached skill level 15 in Hexes
 24218 | Lair:4   | Acquired the +4 quick blade of the Ageing Big Fish {pain,
                  | Int+4}
 24253 | Lair:4   | Reached skill level 1 in Necromancy
 25276 | Lair:5   | Acquired a +7 quick blade
 25407 | Lair:5   | Slain by a death yak

Illustrated notes

Levels and vault maps discovered:
D:1:      psy_arrival_fountain, layout_loops_corners, serial_forest,
          infiniplex_forest_clump_small, infiniplex_forest_zigzag_1,
          infiniplex_forest_split, infiniplex_forest_lined_4_way,
          infiniplex_forest_end_2, infiniplex_forest_lined_1,
          shapermc_ecumenical_altar_pompeii
D:2:      layout_loops_ring, uniq_sigmund
D:3:      layout_basic, uniq_jessica, uniq_crazy_yiuf_cottage
D:4:      nicolae_cairo_tiling_large_dashed, layout_gridville,
          chequers_temple_overflow_statue_of_worship, hangedman_decor_growths,
          nicolae_elevator_lobby_asterisk
D:5:      layout_basic, feat_on_display, uniq_pikel, uniq_duvessa
D:6:      layout_cave_pools, grunt_ministairs_4, nicolae_specific_store
D:7:      layout_basic, minmay_temple_entry_wispy, serial_glass,
          glass_columns_c, glass_columns_c, glass_columns_a
D:8:      layout_basic, erik_lair_island, kennysheep_generic_room_14
D:9:      cheibrodos_two_vegetables, layout_cave_pods, david_orc_4,
          serial_shops, nicolae_shop_behind_doors, uniq_maggie, uniq_maurice,
          uniq_erica
D:10:     layout_loops_ring, minmay_joined_circles, uniq_fannar
D:11:     layout_roguey, portal_ice_cave_entry_imps,
          chequers_serial_rivers_marsh
D:12:     layout_loops_ring, nemelex_xobeh_ov_fountains_minmay, uniq_sonja
D:13:     layout_stronghold, uniq_snorg
D:14:     layout_rooms, david_vaults_1, serial_park_tiny_pond, serial_shops,
          nicolae_shop_hallway_stairs, tso_oasis_becter
D:15:     grunt_enter_depths_magical_seal, layout_basic,
          hangedman_decor_riveting, serial_shops, shop, minmay_diced_spiral
Temple:   mainiacjoe_temple_big_plus
Lair:1:   wander_river, layout_chaotic_city, minivault_19, serial_bayou_pond_e,
          lemuel_fruit_fields
Lair:2:   layout_regular_city, swamp_mist
Lair:3:   layout_cave_pods, bobbens_dragon_lair_wall
Lair:4:   layout_hall_layers, minmay_snake_entry_guardpost_small, special_room
          [special_room_mythical_zoo], gammafunk_ghost_necromancy,
          disabler_island, lemuel_fruit_fields, grunt_megastairs_3
Lair:5:   layout_loops_ring

Skill      XL: |  1  2  3  4  5  6  7  8  9 10 11 12 13 14 |
---------------+-------------------------------------------+-----
Spellcasting   | 3 5 6 7 9 10 11 12 13 14 | 14.6
Hexes          | 4 5 6 8 9 10 11 12 13 14 15 | 15.0
Stealth        | 5 6 9 10 12 13 14 16 17 18 | 18.1
Dodging        | 3 6 8 9 11 12 | 12.3
Fighting       | 1 3 4 6 7 |  7.8
Short Blades   | 2 4 6 8 9 10 | 10.3
Necromancy     | 4 |  4.7

Action                   |  1- 3 |  4- 6 |  7- 9 | 10-12 | 13-15 || total
-------------------------+-------+-------+-------+-------+-------++-------
Melee: Dagger            |    53 |   122 |   227 |   676 |   392 ||  1470
       Quick blade       |       |       |       |       |    84 ||    84
Throw: Dart              |       |       |     2 |     1 |       ||     3
 Cast: Ensorcelled Hiber |     4 |    47 |    49 |    99 |   162 ||   361
       Tukima's Dance    |       |     5 |    23 |    26 |    14 ||    68
       Dazzling Flash    |       |       |     2 |     6 |    54 ||    62
       Summon Guardian G |       |       |       |       |     7 ||     7
       Summon Mana Viper |       |       |       |       |     1 ||     1
Invok: Shadow Step       |       |       |       |     1 |     1 ||     2
Evoke: Wand              |       |       |       |    11 |     8 ||    19
       Phial of floods   |       |       |       |       |     1 ||     1
  Use: Scroll            |     4 |     3 |    12 |    12 |    12 ||    43
       Potion            |     2 |     1 |     2 |     9 |    10 ||    24
 Stab: Sleeping          |     8 |    32 |    39 |    86 |   110 ||   275
       Invisible         |     1 |       |     2 |    10 |    27 ||    40
       Distracted        |       |       |     2 |     4 |     5 ||    11
       Paralysed         |       |       |       |     2 |     1 ||     3
Armor: Robe              |     1 |    17 |    23 |    18 |       ||    59
       Steam dragon scal |       |       |    14 |    89 |    60 ||   163
Dodge: Dodged            |    24 |    89 |   181 |   660 |   403 ||  1357

Table legend: (Time is in decaauts)
 A = Elapsed time spent in this place.
 B = Non-inter-level travel time spent in this place.
 C = Inter-level travel time spent in this place.
 D = Time resting spent in this place.
 E = Time spent auto-exploring this place.
 F = Levels seen in this place.
 G = Mean time per level.
                   A        B        C        D        E       F      G
               +--------+--------+--------+--------+--------+-----+--------+
         Total |  19237 |  18359 |    878 |   3466 |  10993 |  22 |  874.4 |
       Dungeon |  14995 |  14225 |    770 |   2887 |   8517 |  15 |  999.7 |
        Temple |    121 |    102 |     19 |      0 |     75 |   1 |  121.0 |
          Lair |   4034 |   3945 |     89 |    549 |   2401 |   5 |  806.8 |
      Ice Cave |     86 |     86 |      0 |     29 |      0 |   1 |   86.0 |
               +--------+--------+--------+--------+--------+-----+--------+

Top non-repeatable levels by time:
     D:5: 1787 daAuts
     D:2: 1524 daAuts
     D:8: 1462 daAuts
     D:4: 1416 daAuts
  Lair:3: 1314 daAuts
     D:9: 1236 daAuts
  Lair:4: 1225 daAuts
     D:1: 1199 daAuts
     D:6: 1062 daAuts
    D:12: 988 daAuts
     D:7: 881 daAuts
    D:10: 843 daAuts
    D:13: 747 daAuts
  Lair:1: 644 daAuts
    D:11: 638 daAuts
